 Dungeon Crawl Stone Soup version 0.28.0-43-g3370ac3207 (console) character file.

Game seed: 5792385169855396087

5310 Zeor the Spear-Bearer (level 10, -19/88 HPs)
             Began as a Minotaur Monk on Mar 22, 2022.
             Was a Priest of Zin.
             Demolished by a spatial maelstrom (20 damage)
             ... on level 2 of the Abyss.
             The game lasted 00:28:04 (10021 turns).

Zeor the Spear-Bearer (Minotaur Monk)              Turns: 10021, Time: 00:28:05

Health: -19/88     AC:  8    Str: 26    XL:     10   Next: 37%
Magic:  11/11      EV: 10    Int:  7    God:    Zin [***...]
Gold:   33         SH:  0    Dex: 13    Spells: 9/9 levels left

rFire   . . .      SeeInvis +   a - +0 halberd (freeze)
rCold   . . .      Faith    .   (shield currently unavailable)
rNeg    + . .      Spirit   .   C - +2 leather armour {rN+}
rPois   .          Reflect  .   (helmet restricted)
rElec   .          Harm     .   c - scarf {+Inv}
rCorr   .          Rampage  .   d - +1 pair of gloves
Will    .....                   (no boots)
Stlth   ++........              n - amulet of the acrobat
HPRegen 0.24/turn               m - ring of see invisible
MPRegen 0.12/turn               y - +6 ring of strength

@: about to teleport, constricted
A: horns 2, retaliatory headbutt
a: Renounce Religion, Evoke Invisibility, Recite, Vitalisation, Imprison, Donate
Gold


You were on level 2 of the Abyss.
You worshipped Zin.
Zin was most pleased with you.
You visited 2 branches of the dungeon, and saw 10 of its levels.
You visited the Abyss 1 time.
You also visited: Sewer.

You collected 404 gold pieces.
You spent 357 gold pieces at shops.
You donated 14 gold pieces to Zin.

Inventory:

Hand Weapons
 a - a +0 halberd of freezing (weapon)
 w - a +2 mace of holy wrath
 x - a +1 spear
 B - a +2 trident of venom
Missiles
 e - 167 arrows
 i - 105 bolts
 l - 98 sling bullets
 t - 7 boomerangs (quivered)
 A - a throwing net
Armour
 c - a scarf of invisibility (worn)
 d - a +1 pair of gloves (worn)
 C - a +2 leather armour of positive energy (worn)
Jewellery
 f - a +4 ring of evasion
 m - a ring of see invisible (left hand)
 n - an amulet of the acrobat (around neck)
 y - a +6 ring of strength (right hand)
Wands
 g - a wand of mindburst (7)
 o - a wand of iceblast (2)
Scrolls
 j - 2 scrolls of fog
 p - a scroll of teleportation
 v - a scroll of blinking
 z - 2 scrolls of fear
Potions
 b - a potion of resistance
 h - a potion of curing
 k - 2 potions of brilliance {unknown}
 q - a potion of magic {unknown}
 r - 3 potions of haste
 s - a potion of heal wounds
 u - a potion of invisibility {unknown}


   Skills:
 + Level 7.9 Fighting
 + Level 12.9 Polearms
 * Level 9.7 Armour
 + Level 5.2 Dodging
 - Level 1.5 Stealth
 * Level 3.5 Invocations


You had 9 spell levels left.
You didn't know any spells.
Your spell library contained the following spells:

 Spells                   Type           Power      Damage    Failure   Level
 Ensorcelled Hibernation  Hex/Ice        0%         N/A       61%         2
 Passwall                 Tmut/Erth      0%         N/A       61%         2
 Gell's Gravitas          Tloc           0%         N/A       83%         3
 Spider Form              Tmut/Pois      0%         N/A       83%         3
 Swiftness                Air            0%         N/A       83%         3
 Teleport Other           Tloc           0%         N/A       83%         3
 Anguish                  Hex/Necr       0%         N/A       99%         4
 Dispersal                Tloc           0%         N/A       100%        6


Dungeon Overview and Level Annotations

Branches:
Dungeon (9/15)             Temple (1/1) D:7            Lair (0/6) D:8
  Sewer (visited)
    Orc: D:9-12

Altars:
Ashenzari
Dithmenos
Fedhas
Gozag
Kikubaaqudgha
Makhleb
Nemelex Xobeh
Okawaru
Qazlal
Ru
Sif Muna
Trog
Uskayaw
Vehumet
Wu Jian
Xom
Yredelemnul
Zin
The Shining One

Shops:
D:6 ?

Annotations:
D:2 Sigmund
D:8 Psyche


Innate Abilities, Weirdness & Mutations

You have a pair of horns on your head.
You reflexively headbutt those who attack you in melee.


Message History

The raiju is lightly wounded.
The raiju bites you but does no damage.
As you read the scroll of teleportation, it crumbles to dust.
You feel strangely unstable.
You feel the power of the Abyss delaying your translocation!
You are ready to recite again.
The spatial maelstrom completely misses you. x2
The raiju bursts into living lightning!
The living lightning hits the raiju.
The raiju completely resists.
The living lightning misses you.
The raiju blinks!
The spatial maelstrom hits you! Space warps around you.
The spatial maelstrom misses you.
Tentacles burst from the starspawn's body!
The raiju completely misses you. 2 starspawn tentacles come into view.
The raiju bursts into living lightning!
The living lightning hits you!!
The raiju blinks!
The spatial maelstrom barely misses you.
The spatial maelstrom closely misses you.
The starspawn tentacle completely misses you.
The starspawn tentacle grabs you. The starspawn tentacle constricts you.
The starspawn tentacle's grasp on you weakens, but your attempt to escape fails.
The spatial maelstrom hits you! The spatial maelstrom misses you.
The raiju bursts into living lightning!
The living lightning hits you!!
* * * LOW HITPOINT WARNING * * *
The raiju blinks!
The starspawn tentacle loses its grip on you.
The tentacle pulls you backwards! The starspawn tentacle grabs you.
The starspawn tentacle constricts you.
* * * LOW HITPOINT WARNING * * *
Okay, then.
Okay, then.
It was a potion of heal wounds.
You feel much better. The spatial maelstrom hits you!
* * * LOW HITPOINT WARNING * * *
The spatial maelstrom hits you!
* * * LOW HITPOINT WARNING * * *
Space warps horribly around you!!
You die...

∙ ▒∙ ▒ ▒∙∙∙∙▒∙ ▒▒▒▒▒▒
∙▒ ∙
∙▒▒▒∙▒▒▒──w∙▒▒∙∙▒∙∙
∙∙∙▒▒∙∙x──∙/wHh∙∙∙'∙∙
∙▒▒∙∙∙∙/∙∙/∙v∙∙∙∙∙▒▒∙
v▒Ω∙∙∙<▒∙/∙▒#∙∙∙∙∙▒
▒▒ ∙∙▒─X∙∙∙∙∙∙∙∙∙∙▒
▒∙∙∙∙∙∙∙∙∙∙∙∙∙∙▒
▒▒▒▒h▒▒▒▒∙h▒▒∙∙∙▒ ∙
▒∙▒▒ ▒▒∙∙▒ ∙∙∙▒
▒∙∙▒∙∙∙∙∙▒ ∙∙∙▒
▒▒∙∙∙∙∙∙∙∙▒ ∙∙▒


You could see a tentacled starspawn, a spatial maelstrom, 3 raiju, a small
abomination and 2 starspawn tentacles.

Vanquished Creatures
  Harold (D:8)
  Joseph (D:7)
  Prince Ribbit (D:6)
  A wyvern (D:7)
  3 steam dragons
  A water moccasin (D:7)
  A hornet zombie (D:6)
  An orc warrior (D:8)
  2 black bears (D:5)
  A sky beast (D:7)
  3 necrophages
  5 ogres
  3 kobold brigands
  2 bullfrogs (Sewer)
  A water moccasin zombie (D:6)
  3 scorpions (D:5)
  2 water moccasin skeletons (D:7)
  10 killer bees
  The ghost of KittyFluff the Bolt Thrower, a weakling DsHu (D:3)
  9 wights
  A centaur zombie (D:7)
  2 jellies
  3 orc priests
  3 iguanas
  7 orc wizards
  A killer bee zombie (D:8)
  2 hound skeletons (D:5)
  A howler monkey skeleton (D:5)
  4 gnolls (D:2)
  8 adders
  9 river rats
  3 shadow imps
  2 white imps
  2 ufetubi
  2 dart slugs
  38 orcs
  5 bats
  7 endoplasms
  4 giant cockroaches
  8 goblins
  8 hobgoblins
  6 jackals
  27 kobolds
  6 quokkas
  15 ball pythons
  3 frilled lizards
  26 rats
255 creatures vanquished.

Vanquished Creatures (others)
  A black bear (D:5)
  An orc wizard (D:6)
  5 fungi
  6 plants
13 creatures vanquished.

Grand Total: 268 creatures vanquished

Notes
Turn   | Place    | Note
-------+----------+-------------------------------------------
     0 | D:1      | Zeor the Minotaur Monk began the quest for the Orb.
     0 | D:1      | Reached XP level 1. HP: 19/19 MP: 0/0
    79 | D:1      | Reached skill level 4 in Polearms
    80 | D:1      | Reached XP level 2. HP: 23/27 MP: 1/1
   720 | D:1      | Reached XP level 3. HP: 29/33 MP: 2/2
   812 | D:1      | Found a faded altar of an unknown god.
   980 | D:2      | Noticed Sigmund
  1273 | D:2      | Reached skill level 5 in Polearms
  1275 | D:2      | Reached XP level 4. HP: 18/40 MP: 3/3
  1943 | D:3      | Reached skill level 1 in Armour
  2126 | D:3      | Found a runed translucent gate.
  2127 | D:3      | Found a runed translucent gate.
  2129 | D:3      | Found a runed translucent gate.
  2130 | D:3      | Noticed a kobold brigand
  2130 | D:3      | Noticed KittyFluff's ghost (weakling DsHu)
  2456 | D:4      | Reached XP level 5. HP: 39/47 MP: 4/4
  2536 | D:4      | Noticed an ogre
  2544 | D:4      | Killed an ogre
  2545 | D:4      | Reached skill level 6 in Polearms
  2677 | D:4      | Noticed an ogre
  2690 | D:4      | Killed an ogre
  2691 | D:4      | Reached XP level 6. HP: 43/53 MP: 5/5
  2731 | D:4      | Reached skill level 7 in Polearms
  2743 | D:4      | Found a glowing drain.
  2791 | Sewer    | Entered a sewer
  3136 | Sewer    | Reached skill level 5 in Fighting
  3219 | Sewer    | Reached XP level 7. HP: 51/61 MP: 6/6
  3221 | Sewer    | Reached skill level 8 in Polearms
  3707 | D:4      | Found an ancient bone altar of Kikubaaqudgha.
  4136 | D:5      | Entered Level 5 of the Dungeon
  4136 | D:5      | Noticed a steam dragon
  4173 | D:5      | Killed a steam dragon
  4174 | D:5      | Reached skill level 9 in Polearms
  4563 | D:5      | Reached XP level 8. HP: 49/69 MP: 7/7
  4786 | D:5      | Reached skill level 5 in Armour
  4869 | D:5      | Reached skill level 10 in Polearms
  5014 | D:5      | Found a burning altar of Makhleb.
  5260 | D:6      | Noticed Prince Ribbit
  5265 | D:6      | Killed Prince Ribbit
  5461 | D:6      | Reached skill level 11 in Polearms
  5461 | D:6      | Reached XP level 9. HP: 74/78 MP: 8/8
  5774 | D:6      | Found a basalt altar of Yredelemnul.
  5821 | D:6      | Found Qeusar's Magic Scroll Emporium.
  5830 | D:6      | Bought a scroll of brand weapon for 260 gold pieces
  6133 | D:7      | Found a staircase to the Ecumenical Temple.
  6144 | Temple   | Entered the Ecumenical Temple
  6272 | Temple   | Became a worshipper of Zin the Law-Giver
  6272 | Temple   | Reached * piety under Zin
  6272 | Temple   | Reached ** piety under Zin
  6381 | D:3      | Killed KittyFluff's ghost
  6722 | D:7      | Reached skill level 1 in Invocations
  7308 | D:7      | Noticed Joseph
  7328 | D:7      | Killed Joseph
  7329 | D:7      | Reached skill level 12 in Polearms
  7658 | D:7      | Found a bloodstained altar of Trog.
  7725 | D:7      | Reached skill level 5 in Dodging
  8426 | D:8      | Reached XP level 10. HP: 50/85 MP: 10/10
  8815 | D:8      | Found a staircase to the Lair.
  8843 | D:8      | Noticed Harold
  8866 | D:8      | Killed Harold
  9200 | D:8      | Reached *** piety under Zin
  9474 | D:6      | Bought a scroll of blinking for 97 gold pieces
  9994 | D:8      | Noticed Psyche
 10000 | D:8      | Cast into level 2 of the Abyss (Psyche)
 10011 | Abyss:2  | Noticed a tentacled starspawn
 10011 | Abyss:2  | Noticed a spatial maelstrom
 10021 | Abyss:2  | HP: 1/88 [spatial maelstrom (9)]
 10021 | Abyss:2  | Demolished by a spatial maelstrom

Illustrated notes

Levels and vault maps discovered:
D:1:      scummos_arrival_forest, layout_basic,
          hellmonk_ecumenical_altar_inner_sanctum, hangedman_decor_points
D:2:      layout_loops_ring, st_stairs_3, amethyst_killhole, uniq_sigmund
D:3:      layout_rooms, gammafunk_ghost_nasty_kobolds
D:4:      minmay_recursive_quarters, layout_cave_pods,
          mainiacjoe_overflow_surrounded_room, portal_sewer_entry_e,
          due_unseen_surprise
D:5:      layout_rooms, general_overflow_altar
D:6:      layout_basic, kennysheep_mini_moat, serial_shops, shop_statue,
          minmay_misc_feat_secret_circle, serial_bayou_pond_a,
          minmay_misc_feat_tower, uniq_prince_ribbit1
D:7:      nicolae_cairo_tiling_large, layout_gridville, trog_book,
          minmay_temple_entry_overgrown, uniq_joseph
D:8:      layout_basic, dpeg_oklobed_lair, uniq_psyche, uniq_harold
D:9:      layout_roguey, elyvilon_altar_3, orc_0_dummy
Temple:   eino_temple_scatter_basement
Abyss:2:  base: D:7, gammafunk_corrupted_shrine

Skill      XL: |  1  2  3  4  5  6  7  8  9 10 |
---------------+-------------------------------+-----
Polearms       | 4 5 6 7 9 11 12 | 12.9
Fighting       | 4 5 6 7 |  7.9
Armour         | 1 2 3 4 7 8 9 |  9.7
Dodging        | 4 5 |  5.2
Invocations    | 2 3 |  3.5
Stealth        | |  1.5

Action                   |  1- 3 |  4- 6 |  7- 9 | 10-12 || total
-------------------------+-------+-------+-------+-------++-------
Melee: Spear             |    96 |   223 |   112 |       ||   431
       Headbutt          |    11 |    34 |    62 |    18 ||   125
       Punch             |       |     1 |     7 |     4 ||    12
       Trident           |       |       |   229 |    47 ||   276
       Halberd           |       |       |       |    46 ||    46
Invok: Recite            |       |       |     2 |     2 ||     4
  Use: Scroll            |     4 |     6 |     7 |     2 ||    19
       Potion            |       |       |     4 |     1 ||     5
 Stab: Sleeping          |     5 |       |     2 |       ||     7
       Distracted        |       |       |       |     2 ||     2
Armor: Robe              |     5 |       |       |       ||     5
       Ring mail         |     8 |    44 |    57 |     9 ||   118
       Leather armour    |       |       |       |     7 ||     7
Dodge: Dodged            |    35 |   102 |   133 |    40 ||   310
